 Dungeon Crawl Stone Soup version 0.30-a0-390-g80c34de65d (webtiles) character file.

Game seed: 16571633112442232478

241 cheesebisquit the Chopper (level 5, -3/69 HPs)
             Began as a Minotaur Berserker on Dec 4, 2022.
             Was a Believer of Trog.
             Slain by a hobgoblin
             ... wielding a +0 scythe
              (9 damage)
             ... on level 5 of the Dungeon.
             The game lasted 00:19:56 (4362 turns).

cheesebisquit the Chopper (Minotaur Berserker)      Turns: 4362, Time: 00:19:57

Health: -3/69      AC:  5    Str: 24    XL:     5   Next: 80%
Magic:  4/4        EV: 11    Int:  4    God:    Trog [**....]
Gold:   189        SH:  0    Dex:  9    Spells: 4/4 levels left

rFire   . . .      SeeInvis .    a - +0 hand axe
rCold   . . .      Faith    .    (no shield)
rNeg    . . .      Spirit   .    i - +0 ring mail
rPois   .          Reflect  .    (helmet restricted)
rElec   .          Harm     .    (no cloak)
rCorr   .          Rampage  .    (no gloves)
Will    .....                    (no boots)
Stlth   ..........               (no amulet)
HPRegen 0.31/turn                (no ring)
MPRegen 0.09/turn                (no ring)

@: berserking, very quick
A: horns 2, retaliatory headbutt
a: Renounce Religion, Berserk, Trog's Hand


You were on level 5 of the Dungeon.
You worshipped Trog.
Trog was pleased with you.
You visited 2 branches of the dungeon, and saw 6 of its levels.

You collected 189 gold pieces.

Inventory:

Hand Weapons
 a - a +0 hand axe (weapon)
Missiles
 l - 20 stones (quivered)
Armour
 b - a +0 animal skin
 i - a +0 ring mail (worn)
 v - a scarf of invisibility
Wands
 u - a wand of flame (20)
Scrolls
 c - 8 scrolls of identify {unknown}
 d - a scroll of brand weapon {unknown}
 e - 2 scrolls of noise {unknown}
 g - a scroll of fear {unknown}
 j - a scroll of summoning {unknown}
 k - a scroll of amnesia {unknown}
 m - a scroll of blinking {unknown}
 n - a scroll of magic mapping {unknown}
 o - a scroll of poison {unknown}
 q - a scroll of butterflies {unknown}
 r - a scroll of acquirement {unknown}
 s - a scroll of teleportation {unknown}
 t - a scroll of enchant weapon {unknown}
 w - 2 scrolls of vulnerability {unknown}
Potions
 f - 6 potions of curing {unknown}
 h - a potion of brilliance {unknown}
 p - a potion of haste {unknown}


   Skills:
 - Level 3.8 Fighting
 + Level 7.6 Axes
 - Level 2.6 Armour
 - Level 2.4 Dodging


You had 4 spell levels left.
You didn't know any spells.
Your spell library was empty.

Dungeon Overview and Level Annotations

Branches:
Dungeon (5/15)             Temple (1/1) D:4

Altars:
Ashenzari
Fedhas
Gozag
Kikubaaqudgha
Qazlal
Ru
Uskayaw
Wu Jian
Yredelemnul
Lugonu


Innate Abilities, Weirdness & Mutations

You have a pair of horns on your head.
You reflexively headbutt those who attack you in melee.


Message History

A hobgoblin comes into view. It is wielding a +0 scythe.
You hear a shout!
A jelly comes into view.
A hobgoblin comes into view. It is wielding a +0 scythe.
The hobgoblin misses you.
The jelly quivers.
The hobgoblin hits you from afar with a +0 scythe.
The hobgoblin hits you from afar with a +0 scythe!
The hobgoblin closely misses you. The hobgoblin barely misses you.
The hobgoblin closely misses you. The hobgoblin barely misses you.
The hobgoblin hits you from afar with a +0 scythe.
The hobgoblin hits you with a +0 scythe.
The hobgoblin hits you from afar with a +0 scythe.
The hobgoblin barely misses you.
A red film seems to cover your vision as you go berserk!
You feel yourself moving faster!
You feel mighty!
The hobgoblin barely misses you. x2; The hobgoblin misses you.
The hobgoblin hits you from afar with a +0 scythe!
The hobgoblin hits you from afar with a +0 scythe.
* * * LOW HITPOINT WARNING * * *
The hobgoblin closely misses you.
You barely miss the hobgoblin. x2; The hobgoblin closely misses you.
The hobgoblin hits you but does no damage. x2
The hobgoblin hits you from afar with a +0 scythe.
* * * LOW HITPOINT WARNING * * *
The hobgoblin closely misses you. The hobgoblin barely misses you.
The hobgoblin hits you from afar with a +0 scythe.
* * * LOW HITPOINT WARNING * * *
You are too berserk!
You are too berserk!
You hit the hobgoblin. You headbutt the hobgoblin.
You kill the hobgoblin!
Trog accepts your kill.
You hit the hobgoblin.
The hobgoblin hits you from afar with a +0 scythe!
* * * LOW HITPOINT WARNING * * *
The hobgoblin completely misses you. The hobgoblin misses you.
The hobgoblin hits you from afar with a +0 scythe!
You die...

#........#
#........#
#......$.#
###........#
......gJ...#
....ggggg..#
#gg.g...#
#@# #.#
#####.# ##
...#.# .#
#####.#.# .#
#.......# .#
#.###.### .#
#.# #.# .#
#.# #†#


You could see a jelly and 9 hobgoblins.

Vanquished Creatures
  A hound (D:5)
  An orc priest (D:4)
  Terence (D:2)
  An iguana (D:5)
  Ijyb (D:4)
  4 gnolls (D:3)
  An adder (D:3)
  3 worms
  2 dart slugs
  3 endoplasms
  A giant cockroach (D:2)
  5 goblins
  5 hobgoblins
  4 quokkas
  7 ball pythons
  A bat (D:2)
  3 frilled lizards
  5 kobolds
  3 rats (D:3)
52 creatures vanquished.

Vanquished Creatures (others)
  2 demonic plants (Temple)
2 creatures vanquished.

Grand Total: 54 creatures vanquished

Notes
Turn   | Place    | Note
-------+----------+-------------------------------------------
     0 | D:1      | cheesebisquit the Minotaur Berserker began the quest for
                  | the Orb.
     0 | D:1      | Reached XP level 1. HP: 19/19 MP: 0/0
   247 | D:1      | Reached XP level 2. HP: 23/27 MP: 1/1
   251 | D:1      | Reached skill level 4 in Axes
  1091 | D:2      | Noticed Terence
  1099 | D:2      | Killed Terence
  1100 | D:2      | Reached skill level 5 in Axes
  1100 | D:2      | Reached XP level 3. HP: 21/33 MP: 2/2
  1481 | D:2      | Reached ** piety under Trog
  2071 | D:3      | Found a faded altar of an unknown god.
  2087 | D:3      | Reached XP level 4. HP: 29/40 MP: 3/3
  2229 | D:3      | Reached skill level 6 in Axes
  2791 | D:4      | Noticed Ijyb
  2814 | D:4      | HP: 3/60 [Ijyb/puff of flame (5)]
  2817 | D:4      | Killed Ijyb
  2818 | D:4      | Reached XP level 5. HP: 5/46 MP: 4/4
  3517 | D:4      | Reached skill level 7 in Axes
  3680 | D:4      | Found a staircase to the Ecumenical Temple.
  4100 | Temple   | Entered the Ecumenical Temple
  4101 | Temple   | Upgraded the game from 0.30-a0-389-g8d7d949f56 to
                  | 0.30-a0-390-g80c34de65d
  4159 | D:5      | Entered Level 5 of the Dungeon
  4362 | D:5      | Slain by a hobgoblin

Illustrated notes

Levels and vault maps discovered:
D:1:      scummos_arrival_gate, layout_loops_ring, serial_bayou_pond_d
D:2:      layout_basic, uniq_terence
D:3:      layout_basic, chequers_ecumenical_altar_island
D:4:      layout_layer_cave, minmay_temple_entry_proselytizer, uniq_ijyb
D:5:      layout_loops_ring, mainiacjoe_overflow_swirl, sigmund_army
Temple:   corrupted_temple

Skill      XL: |  1  2  3  4  5 |
---------------+----------------+-----
Axes           | 5 6 7 |  7.6
Fighting       | |  3.8
Armour         | |  2.6
Dodging        | |  2.4

Action                   |  1- 3 |  4- 6 || total
-------------------------+-------+-------++-------
Melee: Hand axe          |    64 |    69 ||   133
       Headbutt          |     9 |    13 ||    22
Invok: Berserk           |     1 |     5 ||     6
Armor: Animal skin       |     3 |       ||     3
       Ring mail         |    12 |    17 ||    29
Dodge: Dodged            |    29 |    34 ||    63

Table legend: (Time is in decaauts)
 A = Elapsed time spent in this place.
 B = Non-inter-level travel time spent in this place.
 C = Inter-level travel time spent in this place.
 D = Time resting spent in this place.
 E = Time spent auto-exploring this place.
 F = Levels seen in this place.
 G = Mean time per level.
                   A        B        C        D        E       F      G
               +--------+--------+--------+--------+--------+-----+--------+
         Total |   4418 |   4302 |    116 |    632 |   3243 |   6 |  736.3 |
       Dungeon |   4367 |   4266 |    101 |    632 |   3217 |   5 |  873.4 |
        Temple |     50 |     35 |     15 |      0 |     26 |   1 |   50.0 |
               +--------+--------+--------+--------+--------+-----+--------+

Top non-repeatable levels by time:
     D:4: 1440 daAuts
     D:2: 1189 daAuts
     D:3: 779 daAuts
     D:1: 751 daAuts
     D:5: 207 daAuts
  Temple: 50 daAuts
